 Dungeon Crawl Stone Soup version 0.30-a0-165-g1891117ce2 (webtiles) character file.

Game seed: 17147058781657725595

8 ryw the Trooper (level 2, 24/24 HPs)
             Began as a Demonspawn Monk on Sept 29, 2022.
             Quit the game on level 1 of the Dungeon.
             The game lasted 00:00:26 (332 turns).

ryw the Trooper (Demonspawn Monk)                    Turns: 332, Time: 00:00:27

Health: 24/24      AC:  2    Str: 11    XL:     2   Next: 0%
Magic:  2/2        EV: 12    Int: 11    God:
Gold:   16         SH:  0    Dex: 15    Spells: 1/1 levels left

rFire   . . .      SeeInvis .    e - +3 hand axe
rCold   . . .      Faith    .    (no shield)
rNeg    . . .      Spirit   .    a - +0 robe
rPois   .          Reflect  .    (no helmet)
rElec   .          Harm     .    (no cloak)
rCorr   .          Rampage  .    (no gloves)
Will    .....                    (no boots)
Stlth   ++........               (no amulet)
HPRegen 0.08/turn                (no ring)
MPRegen 0.08/turn                (no ring)

@: no status effects
A: hooves 1
a: no special abilities


You were on level 1 of the Dungeon.
You visited 1 branch of the dungeon, and saw 1 of its levels.

You collected 16 gold pieces.

Inventory:

Hand Weapons
 e - a +3 hand axe (weapon)
Armour
 a - a +0 robe (worn)
Jewellery
 c - a +6 ring of strength
Potions
 b - a potion of ambrosia
 d - a potion of curing {unknown}


   Skills:
 + Level 3.5 Fighting
 - Level 2.6 Dodging
 - Level 1.7 Stealth
 - Level 2.6 Unarmed Combat


You had one spell level left.
You didn't know any spells.
Your spell library was empty.

Dungeon Overview and Level Annotations

Branches:
Dungeon (1/15)

Altars:


Innate Abilities, Weirdness & Mutations

You have large cloven feet.


Message History

You kill the rat!
The frilled lizard bites you.
You barely miss the frilled lizard. The frilled lizard closely misses you.
You miss the frilled lizard.
The frilled lizard bites you but does no damage.
The frilled lizard barely misses you.
You slash the frilled lizard!
You kill the frilled lizard!
No target in view!
No target in view!
You now have 16 gold pieces (gained 4).
A rat comes into view.
A rat is nearby!
The rat closely misses you.
You hit the rat.
You kill the rat!
No target in view!
No target in view!
No target in view!
A kobold comes into view. It is wielding a +0 dagger.
The kobold shouts!
You hit the kobold.
You kill the kobold!
No target in view!
No target in view!
No target in view!
Things that are here:
a +0 dagger; 4 stones A ball python comes into view.
A ball python is nearby!
The ball python bites you but does no damage.
The ball python closely misses you.
You completely miss the ball python. The ball python closely misses you.
The ball python grabs you. The ball python constricts you.
You slash the ball python!
You kill the ball python!
You have reached level 2!
Your demonic ancestry asserts itself...
Your feet thicken and deform.
Are you sure you want to abandon this character and quit the game? (Confirm with "yes".)

#...#...#......#
##.###.###...#.#
#...#...#...#..#
#.#.).#...#...##
#...#...#....##
#..###.###.#.#
#...#...#....#
.####.#...#...#..#
........†@..#....#
.####.......##...#
#...........##
#.......#.###
.......#.....#
..##...#.....# ..
##..#.#.#.# .
#..#.....#
...#.....#


There were no monsters in sight!

Vanquished Creatures
  2 goblins (D:1)
  2 kobolds (D:1)
  A ball python (D:1)
  A frilled lizard (D:1)
  3 rats (D:1)
9 creatures vanquished.

Notes
Turn   | Place    | Note
-------+----------+-------------------------------------------
     0 | D:1      | ryw the Demonspawn Monk began the quest for the Orb.
     0 | D:1      | Reached XP level 1. HP: 18/18 MP: 1/1
   332 | D:1      | Gained mutation: You have large cloven feet. [demonic
                  | ancestry]
   332 | D:1      | Reached XP level 2. HP: 24/24 MP: 2/2
   332 | D:1      | Quit the game

Illustrated notes

Levels and vault maps discovered:
D:1:      saegor_arrival_under_anarchy, layout_rooms,
          shapermc_ecumenical_altar_petra, minmay_misc_feat_four_crosses,
          chequers_big_river, columned_hall_lemuel, minmay_hexomino_u4

Action                   || total
-------------------------++-------
Melee: Hand axe          ||     9
       Unarmed           ||     6
Armor: Robe              ||     2
Dodge: Dodged            ||     8

Table legend: (Time is in decaauts)
 A = Elapsed time spent in this place.
 B = Non-inter-level travel time spent in this place.
 C = Inter-level travel time spent in this place.
 D = Time resting spent in this place.
 E = Time spent auto-exploring this place.
 F = Levels seen in this place.
 G = Mean time per level.
                   A        B        C        D        E       F      G
               +--------+--------+--------+--------+--------+-----+--------+
         Total |    334 |    334 |      0 |      0 |    283 |   1 |  334.0 |
       Dungeon |    334 |    334 |      0 |      0 |    283 |   1 |  334.0 |
               +--------+--------+--------+--------+--------+-----+--------+

Top non-repeatable levels by time:
     D:1: 334 daAuts
